 Dungeon Sprint DCSS version 0.17-a0-1927-g319369b (webtiles) character file.

7223 Burgietje the Warrior (level 10, -4/118 HPs)
             Began as a Minotaur Berserker on Sept 29, 2015.
             Was the Champion of Trog.
             Slain by an orc knight
             ... wielding a +0 great sword
              (7 damage)
             ... in the Dungeon (Sprint IX: "|||||||||||||||||||||||||||||").
             The game lasted 00:06:52 (1791 turns).

Burgietje the Warrior (Minotaur Berserker)          Turns: 1791, Time: 00:06:54

Health: -4/118     AC: 13    Str: 21    XL:     10   Next: 88%
Magic:  9/9        EV:  7    Int: 10    God:    Trog [******]
Gold:   650        SH:  0    Dex: 14    Spells: 0 memorised, 9 levels left

rFire  . . .     SeeInvis .     c - +3 triple sword (flame)
rCold  . . .     Clarity  .     o - +0 plate armour
rNeg   . . .     SustAt   .     (no shield)
rPois  .         Gourm    .     (helmet restricted)
rElec  .         Spirit   .     (no cloak)
rCorr  .         Warding  .     z - +0 pair of gloves
rMut   .         NoTele   +     n - +0 pair of boots
MR     .....                    (no amulet)
Stlth  ..........               q - +3 ring of intelligence
                                p - +3 ring of intelligence

@: exhausted, slowed, very slow, not resistant to hostile enchantments,
extremely unstealthy
A: retaliatory headbutt, horns 2
a: Burn Spellbooks, Berserk, Trog's Hand, Brothers in Arms, Renounce Religion


You were in the Dungeon.
You worshipped Trog.
Trog was exalted by your worship.
You were not hungry.

You visited 1 branch You collected 650 gold pieces.

Inventory:

Hand weapons
 c - a +3 triple sword of flaming (weapon)
Armour
 n - a +0 pair of boots (worn)
 o - a +0 plate armour (worn)
 z - a +0 pair of gloves (worn)
Jewellery
 p - a +3 ring of intelligence (left hand)
 q - a +3 ring of intelligence (right hand)
Magical devices
 l - a wand of draining (7)
Scrolls
 i - 2 scrolls of blinking
 k - 4 scrolls of remove curse
 r - a scroll of identify
 s - 4 scrolls of enchant weapon
 t - 2 scrolls of fog
 u - a scroll of fear
Potions
 a - 4 potions of agility
 d - 7 potions of curing
 e - 2 potions of heal wounds
 f - a potion of haste
 g - 4 potions of magic
 h - a potion of berserk rage
 j - a potion of invisibility
Comestibles
 b - 5 chunks of flesh
 m - 40 fruits
 v - 12 bread rations
 w - 2 beef jerkies
 x - 12 meat rations


   Skills:
 + Level 20.5 Fighting
 + Level 20.4 Long Blades
 - Level 2.4 Armour
 - Level 2.1 Dodging


You had 9 spell levels left.
You didn't know any spells.

Dungeon Overview and Level Annotations

Branches:
Dungeon (1/1)

Altars:
Cheibriados
Dithmenos
Elyvilon
Fedhas
Gozag
Kikubaaqudgha
Makhleb
Nemelex Xobeh
Okawaru
Qazlal
Ru
Sif Muna
Trog
Vehumet
Xom
Yredelemnul
Zin
The Shining One
Beogh
Jiyva
Lugonu


Innate Abilities, Weirdness & Mutations

You reflexively headbutt those who attack you in melee.
You have a pair of horns on your head.


Message History

a trident; a plate armour; 50 gold pieces You feel much better.
The orc warrior hits you from afar with a trident.
* * * LOW HITPOINT WARNING * * *
The orc warrior hits you from afar with a trident.
* * * LOW HITPOINT WARNING * * *
Items here: $ ) [ † a scimitar; a chain mail; 100 gold pieces; an orc corpse You slice the orc knight!!
You burn the orc knight!
The orc knight is heavily wounded.
The orc warrior closely misses you.
The orc knight hits you with a great sword!
* * * LOW HITPOINT WARNING * * *
You slash the orc knight! You burn the orc knight.
You headbutt the orc knight, but do no damage.
The orc knight is severely wounded.
The orc warrior hits you from afar with a trident!
* * * LOW HITPOINT WARNING * * *
The orc knight hits you with a great sword!
You die...

▓.▓.▓.▓.▓_▓
▓.▓.▓)▓.▓_▓
▓.▓.▓÷▓.▓_▓
▓(▓.▓.▓.▓_▓
▓)▓.▓.▓.▓_▓
▓)▓.▓.▓.▓_▓
▓)▓.▓.▓.▓_▓
▓)▓.▓)▓.▓_▓
▓@▓.▓÷▓.▓_▓
▓o▓.▓.▓.▓_▓
▓o▓.▓.▓.▓_▓
▓o▓.▓.▓.▓_▓
▓o▓.▓.▓.▓_▓
▓.▓.▓.▓.▓_▓
▓.▓.▓.▓.▓_▓
▓.▓.▓.▓.▓_▓
▓.▓.▓.▓.▓'▓


You could see an orc knight, an orc warrior (frenzied) and 2 orcs.

Vanquished Creatures
  A centaur warrior (D)
  A griffon (D)
  4 orc knights (D)
  2 ugly things (D)
  A spiny frog (D)
  A polar bear (D)
  2 blink frogs (D)
  A deep elf mage (D)
  A yak (D)
  A steam dragon (D)
  A hippogriff (D)
  A water moccasin (D)
  3 porcupines (D)
  7 black bears (D)
  4 orc warriors (D)
  2 centaurs (D)
  4 crocodiles (D)
  2 giant frogs (D)
  A crimson imp (D)
  4 orc wizards (D)
  An iguana (D)
  A river rat (D)
  An adder skeleton (D)
  10 orcs (D)
  2 bats (D)
  A bat skeleton (D)
  A quokka (D)
  A ball python (D)
  2 giant gecko skeletons (D)
  A giant gecko zombie (D)
  A giant newt (D)
  A kobold (D)
  A rat (D)
68 creatures vanquished.

Vanquished Creatures (others)
  A spatial maelstrom (D)
  An orc (D)
2 creatures vanquished.

Grand Total: 70 creatures vanquished

Notes
Turn   | Place    | Note
--------------------------------------------------------------
     0 | D        | Burgietje the Minotaur Berserker began the quest for the Orb.
     0 | D        | Reached XP level 1. HP: 19/19 MP: 0/0
     8 | D        | Acquired Trog's second power
     8 | D        | Reached skill level 4 in Fighting
    21 | D        | Banished a spatial maelstrom
    25 | D        | Noticed a centaur
    29 | D        | Killed a centaur
    29 | D        | Reached skill level 8 in Fighting
    29 | D        | Reached XP level 2. HP: 22/35 MP: 1/1
    29 | D        | Reached XP level 3. HP: 25/40 MP: 2/2
    29 | D        | Reached XP level 4. HP: 30/48 MP: 3/3
   239 | D        | Found a glowing silver altar of Zin.
   239 | D        | Found a glowing golden altar of the Shining One.
   239 | D        | Found an ancient bone altar of Kikubaaqudgha.
   239 | D        | Found a basalt altar of Yredelemnul.
   239 | D        | Found a shimmering altar of Xom.
   239 | D        | Found a radiant altar of Vehumet.
   240 | D        | Found an iron altar of Okawaru.
   241 | D        | Found a burning altar of Makhleb.
   242 | D        | Found a deep blue altar of Sif Muna.
   243 | D        | Found a bloodstained altar of Trog.
   244 | D        | Found a sparkling altar of Nemelex Xobeh.
   245 | D        | Found a white marble altar of Elyvilon.
   246 | D        | Found a roughly hewn altar of Beogh.
   247 | D        | Found a viscous altar of Jiyva.
   248 | D        | Found a corrupted altar of Lugonu.
   249 | D        | Found a blossoming altar of Fedhas.
   250 | D        | Found a snail-covered altar of Cheibriados.
   251 | D        | Found a shadowy altar of Dithmenos.
   252 | D        | Found a stormy altar of Qazlal.
   253 | D        | Found an opulent altar of Gozag.
   254 | D        | Found a sacrificial altar of Ru.
   305 | D        | Noticed a crimson imp
   305 | D        | Noticed a deep elf mage
   309 | D        | Killed a crimson imp
   309 | D        | Reached skill level 9 in Fighting
   314 | D        | Acquired Trog's third power
   324 | D        | Killed a deep elf mage
   324 | D        | Reached skill level 11 in Fighting
   324 | D        | Reached XP level 5. HP: 13/61 MP: 4/4
   324 | D        | Reached XP level 6. HP: 14/68 MP: 5/5
   578 | D        | Noticed a green ugly thing
   578 | D        | Noticed a green ugly thing
   578 | D        | Noticed a steam dragon
   578 | D        | Noticed a centaur
   578 | D        | Noticed a centaur warrior
   583 | D        | Killed a green ugly thing
   583 | D        | Reached skill level 13 in Fighting
   583 | D        | Reached XP level 7. HP: 79/79 MP: 6/6
   590 | D        | Killed a green ugly thing
   590 | D        | Reached skill level 14 in Fighting
   590 | D        | Reached XP level 8. HP: 90/90 MP: 7/7
   597 | D        | Killed a centaur warrior
   597 | D        | Reached skill level 16 in Fighting
   597 | D        | Reached skill level 15 in Long Blades
   602 | D        | Killed a steam dragon
   608 | D        | Killed a centaur
  1066 | D        | Noticed a porcupine
  1066 | D        | Noticed a crocodile
  1066 | D        | Noticed a water moccasin
  1066 | D        | Noticed a crocodile
  1066 | D        | Noticed a porcupine
  1066 | D        | Noticed an iguana
  1067 | D        | Killed a porcupine
  1067 | D        | Reached XP level 9. HP: 101/101 MP: 8/8
  1068 | D        | Noticed a giant frog
  1069 | D        | Noticed a spiny frog
  1069 | D        | Killed a crocodile
  1070 | D        | Killed a water moccasin
  1070 | D        | Received a gift from Trog
  1075 | D        | Killed a crocodile
  1080 | D        | Killed a porcupine
  1084 | D        | Killed an iguana
  1084 | D        | Reached skill level 17 in Fighting
  1086 | D        | Killed a spiny frog
  1088 | D        | Killed a giant frog
  1099 | D        | Received a gift from Trog
  1324 | D        | Noticed a blink frog
  1324 | D        | Noticed a hippogriff
  1324 | D        | Noticed a giant frog
  1324 | D        | Noticed a yak
  1324 | D        | Noticed a crocodile
  1324 | D        | Noticed a porcupine
  1327 | D        | Killed a blink frog
  1329 | D        | Noticed a crocodile
  1332 | D        | Noticed a blink frog
  1332 | D        | Killed a hippogriff
  1335 | D        | Killed a giant frog
  1336 | D        | Noticed a griffon
  1338 | D        | Killed a yak
  1341 | D        | Killed a crocodile
  1341 | D        | Reached skill level 18 in Fighting
  1345 | D        | Killed a porcupine
  1345 | D        | Received a gift from Trog
  1347 | D        | Killed a crocodile
  1352 | D        | Killed a griffon
  1352 | D        | Reached XP level 10. HP: 69/114 MP: 9/9
  1356 | D        | Killed a blink frog
  1540 | D        | Noticed a black bear
  1540 | D        | Noticed a black bear
  1540 | D        | Noticed a polar bear
  1540 | D        | Noticed a black bear
  1540 | D        | Noticed a black bear
  1540 | D        | Noticed a black bear
  1542 | D        | Killed a black bear
  1543 | D        | Noticed a black bear
  1547 | D        | Killed a polar bear
  1550 | D        | Killed a black bear
  1550 | D        | Reached skill level 19 in Fighting
  1552 | D        | Killed a black bear
  1553 | D        | Killed a black bear
  1553 | D        | Received a gift from Trog
  1556 | D        | Killed a black bear
  1559 | D        | Killed a black bear
  1565 | D        | Noticed a black bear
  1571 | D        | Killed a black bear
  1696 | D        | Noticed an orc wizard
  1696 | D        | Noticed an orc wizard
  1701 | D        | Killed an orc wizard
  1703 | D        | Killed an orc wizard
  1703 | D        | Received a gift from Trog
  1706 | D        | Noticed an orc wizard
  1709 | D        | Noticed an orc wizard
  1712 | D        | Noticed an orc knight
  1713 | D        | Killed an orc wizard
  1713 | D        | Received a gift from Trog
  1721 | D        | Killed an orc knight
  1724 | D        | Killed an orc wizard
  1755 | D        | Noticed an orc warrior
  1755 | D        | Noticed an orc knight
  1755 | D        | Noticed an orc warrior
  1755 | D        | Noticed an orc knight
  1756 | D        | Noticed an orc knight
  1762 | D        | Noticed an orc warrior
  1768 | D        | Killed an orc knight
  1769 | D        | Killed an orc warrior
  1769 | D        | Received a gift from Trog
  1772 | D        | Killed an orc knight
  1772 | D        | Reached skill level 20 in Fighting
  1773 | D        | Noticed an orc warrior
  1774 | D        | Killed an orc knight
  1775 | D        | Noticed an orc warrior
  1776 | D        | Killed an orc warrior
  1779 | D        | Noticed an orc knight
  1781 | D        | Killed an orc warrior
  1783 | D        | Killed an orc warrior
  1791 | D        | HP: 3/118 [orc warrior/trident (10)]
  1791 | D        | Slain by an orc knight

Vault maps used:
D:        linesprint

Action                   |  1- 3 |  4- 6 |  7- 9 | 10-12 || total
-------------------------+-------+-------+-------+-------++-------
Melee: Falchion          |    10 |     5 |       |       ||    15
       Scimitar          |       |    19 |    41 |       ||    60
       Great sword       |       |       |    27 |    21 ||    48
       Triple sword      |       |       |       |    42 ||    42
Invok: Berserk           |     1 |     2 |       |     1 ||     4
       Burn Spellbooks   |       |       |     1 |       ||     1
  Use: Potion            |       |       |       |     1 ||     1
  Eat: Chunk             |       |     1 |     2 |       ||     3
       Bread ration      |       |       |     1 |       ||     1
